 Dungeon Crawl Stone Soup version 0.28-a0-500-g121bc3e445 (webtiles) character file.

Game seed: 15004258408387900009

11263 frimble the Slicer (level 11, -1/75 HPs)
             Began as an Octopode Venom Mage on Sept 20, 2021.
             Slain by a sixfirhy (5 damage)
             ... summoned by an orc sorcerer
             ... on level 1 of the Orcish Mines.
             The game lasted 00:41:40 (18703 turns).

frimble the Slicer (Octopode Venom Mage)           Turns: 18703, Time: 00:41:41

Health: -1/75      AC:  1    Str:  8    XL:     11   Next: 75%
Magic:  13/17      EV: 17    Int: 20    God:
Gold:   664        SH:  0    Dex: 19    Spells: 13/18 levels left

rFire   . . .      SeeInvis +   y - +6 short sword (speed)
rCold   . . .      Faith    .   (no shield)
rNeg    . . .      Spirit   .   (helmet restricted)
rPois   .          Reflect  .   (no amulet)
rElec   .          Harm     .   g - ring of flight
rCorr   +          Rampage  .   f - +6 ring of dexterity
Will    .....                   w - ring of see invisible
Stlth   +++++.....              t - ring of resist corrosion
HPRegen 0.22/turn               (no ring)
MPRegen 0.15/turn               (no ring)
                                (no ring)
                                (no ring)

@: flying
A: almost no armour, amphibious, 8 rings, camouflage 1, gelatinous body 1,
(nimble swimmer 1), tentacles
a: no special abilities


You were on level 1 of the Orcish Mines.
You visited 2 branches of the dungeon, and saw 13 of its levels.

You collected 728 gold pieces.
You spent 64 gold pieces at shops.

Inventory:

Hand Weapons
 a - a +2 dagger of draining
 p - a +2 vampiric short sword
 y - a +6 short sword of speed (weapon)
Missiles
 b - 29 poisoned darts
 d - 8 silver javelins
 o - 8 curare-tipped darts
 s - 10 boomerangs (quivered)
 A - 2 throwing nets
 E - 2 javelins
Jewellery
 f - a +6 ring of dexterity (right tentacle)
 g - a ring of flight (left tentacle)
 t - a ring of resist corrosion (on tentacle)
 w - a ring of see invisible (on tentacle)
 G - an amulet of the acrobat
Wands
 h - a wand of digging (6)
 n - a wand of iceblast (3)
 r - a wand of polymorph (13)
 D - a wand of acid (6)
Scrolls
 c - 7 scrolls of identify
 i - 3 scrolls of magic mapping
 m - 2 scrolls of teleportation
 u - a scroll of holy word
 v - 3 scrolls of amnesia
 C - a scroll of silence
 H - a scroll of enchant armour
Potions
 e - a potion of might
 j - 2 potions of brilliance
 k - a potion of flight
 l - 3 potions of haste
 q - 2 potions of degeneration
 x - 3 potions of lignification
 z - 2 potions of attraction
 B - a potion of curing


   Skills:
 + Level 7.4 Fighting
 + Level 9.7 Short Blades
 + Level 4.6 Throwing
 - Level 6.2 Dodging
 - Level 9.0 Stealth
 - Level 4.4 Spellcasting
 - Level 1.0 Transmutations
 - Level 9.5 Poison Magic
 - Level 4.6 Evocations


You had 13 spell levels left.
You knew the following spells:

 Your Spells              Type           Power      Damage    Failure   Level
a - Sting                 Tmut/Pois      100%       1d8       1%          1
b - Olgreb's Toxic Radia  Pois           42%        N/A       2%          4

Your spell library contained the following spells:

 Spells                   Type           Power      Damage    Failure   Level
 Poisonous Vapours        Pois/Air       46%        N/A       2%          2
 Spider Form              Tmut/Pois      12%        N/A       4%          3
 Mephitic Cloud           Conj/Pois/Air  17%        N/A       10%         3
 Magic Dart               Conj           16%        1d3       12%         1
 Pain                     Necr           16%        1d4       12%         1
 Shock                    Conj/Air       16%        1d4       12%         1
 Corpse Rot               Necr/Air       N/A        N/A       19%         2
 Ensorcelled Hibernation  Hex/Ice        8%         N/A       19%         2
 Searing Ray              Conj           8%         2d4       19%         2
 Call Canine Familiar     Summ           4%         N/A       36%         3
 Ozocubu's Armour         Ice            4%         N/A       36%         3
 Portal Projectile        Hex/Tloc       8%         N/A       36%         3
 Swiftness                Air            4%         N/A       36%         3
 Airstrike                Air            2%         N/A       77%         4
 Fulminant Prism          Conj/Hex       2%         3d6       77%         4
 Leda's Liquefaction      Hex/Erth       2%         N/A       77%         4
 Agony                    Necr           4%         N/A       98%         5
 Excruciating Wounds      Necr           2%         N/A       98%         5
 Metabolic Englaciation   Hex/Ice        2%         N/A       98%         5
 Simulacrum               Ice/Necr       2%         N/A       100%        6


Dungeon Overview and Level Annotations

Branches:
Dungeon (12/15)            Temple (0/1) D:7            Lair (0/6) D:10
    Orc (1/2) D:9

Altars:
Nemelex Xobeh
Zin
Beogh

Shops:
D:2 **[(   D:4 [   D:9 (

Portals:
Trove: D:11 (give 5 scrolls of blinking)

Annotations:
D:10 exploder vault


Innate Abilities, Weirdness & Mutations

You cannot wear most types of armour.
You are amphibious.
You can wear up to eight rings at the same time.
Your skin changes colour to match your surroundings (Stealth+).
Your rubbery body absorbs attacks. (AC +1, EV +1)
((You are camouflaged near water. (Stealth+)))
You have tentacles for arms and can constrict up to eight enemies at once.


Message History

Aim: an orc sorcerer, wielding a +0 dagger and wearing a +0 robe (60% to hit)
You throw a boomerang.
The boomerang closely misses the orc sorcerer.
Casting: Olgreb's Toxic Radiance (dangerous; 2% risk of failure)
Confirm with . or Enter, or press ? or * to list all spells.
You begin to radiate toxic energy.
The orc sorcerer is poisoned.
The orc sorcerer looks even sicker.
The orc sorcerer casts a spell.
Throw: 10 boomerangs
Press: ? - help, Q - select action, (/) - cycle Shift-Dir - straight line, f/p - orc sorcerer
Aim: an orc sorcerer, wielding a +0 dagger and wearing a +0 robe (lightly wounded, very poisoned, 60% to hit)
You throw a boomerang. The boomerang hits the sixfirhy.
The sixfirhy is lightly wounded.
The sixfirhy is poisoned.
Your toxic aura wanes.
The orc sorcerer casts a spell at you.
The bolt of negative energy hits the sixfirhy.
The sixfirhy completely resists.
The bolt of negative energy misses you.
Throw: 10 boomerangs
Press: ? - help, Q - select action, (/) - cycle Shift-Dir - straight line, f/p - orc sorcerer
Aim: an orc sorcerer, wielding a +0 dagger and wearing a +0 robe (lightly wounded, very poisoned, 60% to hit)
You throw a boomerang. The boomerang misses the sixfirhy.
The boomerang hits the orc sorcerer.
The orc sorcerer is lightly wounded.
The sixfirhy hits you. The sixfirhy shocks you! The sixfirhy hits you!
The sixfirhy shocks you! The sixfirhy hits you! The sixfirhy shocks you!
The sixfirhy hits you. The sixfirhy shocks you!
* * * LOW HITPOINT WARNING * * *
Throw: 10 boomerangs
Press: ? - help, Q - select action, (/) - cycle Shift-Dir - straight line, f/p - orc sorcerer
Aim: an orc sorcerer, wielding a +0 dagger and wearing a +0 robe (lightly wounded, very poisoned, 60% to hit)
You throw a boomerang.
The boomerang closely misses the sixfirhy.
The boomerang barely misses the orc sorcerer.
The sixfirhy hits you.
* * * LOW HITPOINT WARNING * * *
The sixfirhy shocks you!
* * * LOW HITPOINT WARNING * * *
The sixfirhy hits you.
You die...

...............
...............
..............
.#......o......
#..#..)........
...............
......)3.......
.......@..#
.#.....)..#
#.........#
#.........##
...#.......###
#..#...#.....##
#...#.........#
#.#..........#
##..........##
#.


You could see a sixfirhy (summoned, poisoned) and an orc sorcerer (very
poisoned).

Vanquished Creatures
  2 centaur zombies
  Maurice (D:8)
  Psyche (D:11)
  2 unseen horrors
  A gargoyle (D:11)
  A kobold demonologist (D:6)
  A komodo dragon (D:12)
  3 trolls
  Sigmund (D:3)
  7 yaks (D:10)
  3 shadows (D:10)
  Grum (D:9)
  2 steam dragons (D:8)
  A basilisk (D:11)
  3 vampire mosquitoes (D:11)
  An acid dragon (D:10)
  3 water moccasins
  Duvessa (D:6)
  A swamp drake (D:10)
  2 ice beasts (D:7)
  5 sky beasts
  4 orc warriors
  2 black bears
  5 ogres
  A tengu (D:4)
  2 wolves (D:9)
  4 centaurs
  A phantom (D:10)
  A kobold brigand (D:6)
  2 gnoll sergeants
  2 bullfrogs (D:7)
  A scorpion (D:3)
  A wyvern skeleton (D:7)
  A water moccasin zombie (D:6)
  2 troll zombies (D:9)
  Dowan (D:6)
  4 killer bees (D:9)
  5 wights (D:7)
  6 howler monkeys
  An electric eel (D:7)
  2 bullfrog skeletons (D:6)
  3 centaur skeletons
  2 hounds
  8 orc priests
  An iguana (D:6)
  Natasha (thrice) (D:3)
  10 orc wizards
  4 ogre zombies (D:9)
  A hound skeleton (D:4)
  A howler monkey zombie (D:8)
  9 gnolls
  A howler monkey skeleton (D:7)
  7 adders
  2 worms
  A dart slug (D:5)
  30 orcs
  4 endoplasms
  4 giant cockroaches
  10 goblins
  7 hobgoblins
  11 jackals (D:1)
  3 training dummies (D:9)
  7 ball pythons
  4 bats
  7 frilled lizards
  A goblin skeleton (D:9)
  2 goblin zombies (D:9)
  3 hobgoblin skeletons (D:9)
  3 hobgoblin zombies (D:9)
  12 kobolds
  2 orc skeletons (D:9)
  8 orc zombies (D:9)
  3 rats
265 creatures vanquished.

Vanquished Creatures (others)
  The ghost of freelancePsychic the Magician, a novice DjAE (D:5)
  An orc (D:5)
  4 fungi (D:3)
  2 plants (D:3)
8 creatures vanquished.

Grand Total: 273 creatures vanquished

Notes
Turn   | Place    | Note
-------+----------+-------------------------------------------
     0 | D:1      | frimble the Octopode Venom Mage began the quest for the
                  | Orb.
     0 | D:1      | Reached XP level 1. HP: 11/11 MP: 3/3
    80 | D:1      | Reached XP level 2. HP: 2/17 MP: 0/5
   937 | D:1      | Reached skill level 1 in Short Blades
  1028 | D:1      | Reached XP level 3. HP: 21/21 MP: 6/6
  1805 | D:2      | Found Owyot's Antique Weapon Boutique.
  1870 | D:2      | Found a glowing silver altar of Zin.
  1886 | D:2      | Found Duiqic's General Store.
  1894 | D:2      | Found Yvuism's Armour Boutique.
  2001 | D:2      | Reached XP level 4. HP: 27/27 MP: 7/7
  2091 | D:2      | Reached skill level 5 in Poison Magic
  2392 | D:2      | Found Ariumum's Assorted Antiques.
  2400 | D:2      | Bought a scroll labelled LIR LIBLIMITU for 23 gold pieces
  2400 | D:2      | Bought 2 fizzy pink potions for 41 gold pieces
  2967 | D:2      | Learned a level 4 spell: Olgreb's Toxic Radiance
  3141 | D:3      | Reached skill level 1 in Throwing
  3264 | D:3      | Noticed Natasha
  3269 | D:3      | Killed Natasha
  3270 | D:3      | Reached XP level 5. HP: 21/31 MP: 8/8
  3427 | D:3      | Noticed Natasha
  3477 | D:3      | Found a faded altar of an unknown god.
  3514 | D:3      | Killed Natasha
  3663 | D:3      | Noticed Natasha
  3946 | D:3      | Noticed Sigmund
  4066 | D:3      | Killed Natasha
  4067 | D:3      | Reached XP level 6. HP: 27/36 MP: 6/9
  4339 | D:4      | Found Omohamm's Armour Shop.
  4374 | D:4      | Noticed a black bear
  4408 | D:4      | Killed a black bear
  4499 | D:4      | Noticed Purgy
  4646 | D:4      | Reached skill level 5 in Stealth
  5117 | D:5      | Entered Level 5 of the Dungeon
  5419 | D:5      | Reached XP level 7. HP: 41/41 MP: 10/10
  5428 | D:5      | Found a runed translucent gate.
  5429 | D:5      | Found a runed translucent gate.
  5470 | D:5      | Found a runed translucent gate.
  5474 | D:5      | Noticed freelancePsychic's ghost (novice DjAE)
  6102 | D:5      | Identified the +1 dagger "Beetle's Death" {vorpal, Dex+4}
  6505 | D:6      | Noticed Duvessa
  6555 | D:6      | Reached XP level 8. HP: 18/46 MP: 6/11
  6846 | D:6      | Noticed Dowan
  6871 | D:6      | Killed Dowan
  7111 | D:6      | Killed Duvessa
  7123 | D:6      | HP: 1/46 [bullfrog skeleton (6)]
  7129 | D:6      | Reached skill level 5 in Short Blades
  7549 | D:6      | Noticed a kobold demonologist
  7565 | D:6      | Killed a kobold demonologist
  7566 | D:6      | Reached skill level 1 in Fighting
  7566 | D:6      | Reached XP level 9. HP: 50/54 MP: 12/12
  8611 | D:7      | HP: 1/55 [ice beast (14)]
  8942 | D:7      | Found a staircase to the Ecumenical Temple.
  9633 | D:8      | Noticed Maurice
  9644 | D:8      | Killed Maurice
 10610 | D:8      | Reached XP level 10. HP: 53/65 MP: 5/13
 10694 | D:8      | Reached skill level 5 in Fighting
 12685 | D:4      | Noticed Purgy
 12685 | D:4      | Purgy changed into Purgy the tengu
 12687 | D:4      | Killed Purgy the tengu
 12849 | D:3      | Killed Sigmund
 12914 | D:3      | Found a sparkling altar of Nemelex Xobeh.
 13090 | D:5      | Killed freelancePsychic's ghost
 13284 | D:9      | Noticed an unseen horror
 13294 | D:9      | Killed an unseen horror
 13295 | D:9      | Reached skill level 1 in Evocations
 13386 | D:9      | Noticed Grum
 13400 | D:9      | Killed Grum
 13576 | D:9      | Noticed a rakshasa
 13919 | D:9      | Found Paopyc Derod's Firing Range.
 13967 | D:10     | Entered Level 10 of the Dungeon
 14167 | D:10     | Reached XP level 11. HP: 57/72 MP: 11/17
 14363 | D:10     | Identified the +6 leather armour of the Barracuda {Will+
                  | Int+3}
 14805 | D:10     | Found a staircase to the Lair.
 15349 | D:11     | Noticed Psyche
 15380 | D:11     | Killed Psyche
 15381 | D:11     | Reached skill level 5 in Dodging
 16924 | D:11     | Found a portal to a secret trove of treasure.
 18305 | D:9      | Found a staircase to the Orcish Mines.
 18356 | Orc:1    | Entered Level 1 of the Orcish Mines
 18629 | Orc:1    | Noticed an orc sorcerer
 18701 | Orc:1    | Noticed a sixfirhy
 18703 | Orc:1    | Slain by a sixfirhy

Illustrated notes

Levels and vault maps discovered:
D:1:      dpeg_arrival_pits, layout_basic
D:2:      minmay_door_path, layout_basic, basic_altar, serial_shops,
          nicolae_shop_statue_plus, shop, shop, nicolae_shop_behind_doors
D:3:      layout_loops_cross, mainiacjoe_overflow_catwalk,
          shapermc_ecumenical_altar_mp_ritualfount, chequers_mini_garden,
          uniq_sigmund, uniq_natasha
D:4:      layout_basic, serial_shops, shop, uniq_purgy
D:5:      layout_layer_cave, biasface_ghost_orc_armoury
D:6:      layout_loops_cross, portal_sewer_entry_d,
          chequers_serial_rivers_room_a, uniq_duvessa
D:7:      layout_basic, minmay_temple_entry_sparse_star, kennysheep_dice
D:8:      layout_layer_cave, hex_medium, hangedman_misty_isle, uniq_maurice
D:9:      layout_irregular_city, zombieorc1_lemuel, nicolae_shop_firing_range,
          uniq_grum
D:10:     lemuel_flame_loot_2, layout_long_grid, lair_entry_dummy
D:11:     layout_cave_pools, enter_trove_3, uniq_psyche
D:12:     layout_stronghold, uniq_nergalle
Orc:1:    layout_caves

Skill      XL: |  1  2  3  4  5  6  7  8  9 10 11 |
---------------+----------------------------------+-----
Poison Magic   | 4 5 6 8 9 |  9.5
Short Blades   | 1 2 3 4 5 7 8 9 |  9.7
Stealth        | 3 4 5 6 8 9 |  9.0
Throwing       | 1 2 3 4 |  4.6
Fighting       | 1 4 5 7 |  7.4
Spellcasting   | 4 |  4.4
Dodging        | 4 6 |  6.2
Evocations     | 3 4 |  4.6
Transmutations | |  1.0

Action                   |  1- 3 |  4- 6 |  7- 9 | 10-12 || total
-------------------------+-------+-------+-------+-------++-------
Melee: Unarmed           |     8 |       |     5 |       ||    13
       Constrict         |    19 |    15 |    17 |    40 ||    91
       Tentacles         |     9 |    11 |    22 |    71 ||   113
       Dagger            |    69 |    76 |     6 |       ||   151
       Short sword       |       |       |   139 |   343 ||   482
Throw: Dart              |       |    23 |    11 |    25 ||    59
       Boomerang         |       |       |    23 |    35 ||    58
       Javelin           |       |       |       |     4 ||     4
 Cast: Sting             |    11 |     6 |     9 |     2 ||    28
       Olgreb's Toxic Ra |       |       |    15 |    41 ||    56
Evoke: Wand              |       |       |     9 |     9 ||    18
  Use: Scroll            |     1 |     7 |     3 |     9 ||    20
       Potion            |       |     3 |     6 |     1 ||    10
 Stab: Sleeping          |    11 |     7 |    12 |     2 ||    32
       Distracted        |     1 |       |     1 |     2 ||     4
Armor: Skin              |     5 |     7 |    40 |    15 ||    67
Dodge: Dodged            |    48 |    58 |    97 |   156 ||   359

Table legend: (Time is in decaauts)
 A = Elapsed time spent in this place.
 B = Non-inter-level travel time spent in this place.
 C = Inter-level travel time spent in this place.
 D = Time resting spent in this place.
 E = Time spent auto-exploring this place.
 F = Levels seen in this place.
 G = Mean time per level.
                   A        B        C        D        E       F      G
               +--------+--------+--------+--------+--------+-----+--------+
         Total |  18468 |  17384 |   1084 |    570 |  14477 |  13 | 1420.6 |
       Dungeon |  18267 |  17183 |   1084 |    570 |  14341 |  12 | 1522.2 |
  Orcish Mines |    200 |    200 |      0 |      0 |    136 |   1 |  200.0 |
               +--------+--------+--------+--------+--------+-----+--------+

Top non-repeatable levels by time:
     D:6: 2202 daAuts
     D:8: 2113 daAuts
     D:7: 2033 daAuts
    D:10: 1878 daAuts
     D:1: 1697 daAuts
     D:3: 1538 daAuts
     D:5: 1435 daAuts
     D:2: 1393 daAuts
    D:11: 1341 daAuts
     D:9: 1107 daAuts
     D:4: 858 daAuts
    D:12: 668 daAuts
   Orc:1: 200 daAuts
